 Dungeon Crawl Stone Soup version 0.29-a0-284-gf9362112df (webtiles) character file.

Game seed: 17253966240783147077

62 rabbitsville the Sneak (level 3, 0/27 HPs)
             Began as a Spriggan Brigand on Mar 10, 2022.
             Slain by a goblin
             ... wielding a +0 dagger
             ... led by Robin
              (2 damage)
             ... on level 4 of the Dungeon on Mar 15, 2022.
             The game lasted 00:19:34 (3062 turns).

rabbitsville the Sneak (Spriggan Brigand)           Turns: 3062, Time: 00:19:34

Health: 0/27       AC:  3    Str:  7    XL:     3   Next: 85%
Magic:  4/4        EV: 20    Int: 12    God:
Gold:   129        SH:  0    Dex: 18    Spells: 2/2 levels left

rFire   + . .      SeeInvis +   a - +2 dagger
rCold   + . .      Faith    .   (no shield)
rNeg    . . .      Spirit   .   b - +0 robe
rPois   +          Reflect  .   (helmet restricted)
rElec   +          Harm     .   c - +0 cloak
rCorr   +          Rampage  .   (gloves unavailable)
Will    .....                   (boots unavailable)
Stlth   ..........              (no amulet)
HPRegen 0.09/turn               m - +4 ring of evasion
MPRegen 0.09/turn               (no ring)

@: berserking, resistant, flying, very quick
A: very small, no large weapons, unfitting armour, see invisible, speed 3
a: no special abilities


You were on level 4 of the Dungeon.
You visited 1 branch of the dungeon, and saw 4 of its levels.

You collected 129 gold pieces.

Inventory:

Hand Weapons
 a - a +2 dagger (weapon)
Missiles
 d - 4 poisoned darts (quivered)
 e - 3 curare-tipped darts
Armour
 b - a +0 robe (worn)
 c - a +0 cloak (worn)
Jewellery
 m - a +4 ring of evasion (left hand)
Wands
 q - a wand of paralysis (11)
Scrolls
 f - 2 scrolls of silence {unknown}
 h - 3 scrolls of teleportation {unknown}
 i - a scroll of noise {unknown}
 k - 2 scrolls of identify {unknown}
 n - a scroll of magic mapping {unknown}
 o - a scroll of fear {unknown}
Potions
 g - a potion of heal wounds {unknown}
 j - a potion of flight
 l - a potion of resistance


   Skills:
 - Level 1.5 Fighting
 + Level 3.2 Short Blades
 + Level 2.8 Throwing
 - Level 1.3 Dodging
 + Level 6.8 Stealth


You had 2 spell levels left.
You didn't know any spells.
Your spell library contained the following spells:

 Spells                   Type           Power      Damage    Failure   Level
 Animate Skeleton         Necr           0%         N/A       32%         1
 Apportation              Tloc           0%         N/A       32%         1
 Sandblast                Erth           0%         2d4       32%         1
 Summon Small Mammal      Summ           0%         N/A       32%         1
 Passwall                 Tmut/Erth      0%         N/A       45%         2
 Call Canine Familiar     Summ           0%         N/A       69%         3
 Portal Projectile        Hex/Tloc       0%         N/A       69%         3
 Stone Arrow              Conj/Erth      0%         3d7       69%         3
 Tukima's Dance           Hex            0%         N/A       69%         3
 Leda's Liquefaction      Hex/Erth       0%         N/A       97%         4
 Passage of Golubria      Tloc           0%         N/A       97%         4
 Yara's Violent Unravell  Hex/Tmut       0%         3d3       100%        5


Dungeon Overview and Level Annotations

Branches:
Dungeon (4/15)
 Temple: D:4-7

Altars:
Uskayaw

Shops:
D:1 (   D:3 *   D:4 *

Annotations:
D:3 Robin
D:4 exclusion: necrophage, Ijyb


Innate Abilities, Weirdness & Mutations

You are very small and have problems with some larger weapons.
You are too small for most types of armour.
You have supernaturally acute eyesight. (SInv)
You cover ground extremely quickly. (Speed+++)


Message History

Press: ? - help, Q - select action, (/) - cycle Shift-Dir - straight line, f/p - Ijyb
Aim: Ijyb, wielding a +0 dagger, wearing a +1 leather armour of poison resistance and carrying a wand of iceblast (5) (55% to hit)
You throw a poisoned dart.
The poisoned dart completely misses Ijyb.
A quokka comes into view.
Ijyb zaps a wand.
The mass of ice explodes!
The iceblast engulfs you!
Ouch! That really hurt!
* * * LOW HITPOINT WARNING * * *
You hear a shout!
There is a stone staircase leading down here.
There is a stone staircase leading up here.
You climb upwards.
Level annotation: Robin The goblin shouts! x2; You hear a shout!
The kobold shouts!
You hear a shout! x7
The goblin completely misses you. The goblin closely misses you.
The goblin barely misses you.
The goblin hits you but does no damage. x2
The goblin closely misses you.
There is a stone staircase leading down here.
The goblin closely misses you. The goblin misses you.
The goblin barely misses you.
You climb downwards.
Level annotation: exclusion: necrophage, Ijyb
There is a stone staircase leading up here.
You closely miss the goblin. You hit the goblin.
You kill the goblin!
The goblin hits you with a +0 dagger.
* * * LOW HITPOINT WARNING * * *
It was a potion of resistance.
You feel protected. The goblin misses you.
It was a potion of flight.
You feel very buoyant.
You fly up into the air.
The goblin hits you with a +0 dagger.
* * * LOW HITPOINT WARNING * * *
It was a potion of berserk rage.
A red film seems to cover your vision as you go berserk!
You feel yourself moving faster!
You feel mighty! The goblin hits you with a +0 dagger.
You die...

############
...........#
.....#####>#
.###.#####.#######
## #.............#
# #######.#####g#
##########.# #g#
...........# #@#
############ #)#
#.# #.# #### #.#
.(.## #######.#
....# #.......#
....# #.#######
....# #.#


You could see 2 goblins.

Vanquished Creatures
  2 dart slugs (D:2)
  An orc (D:3)
  4 endoplasms
  A giant cockroach (D:3)
  5 goblins
  6 hobgoblins
  3 jackals (D:2)
  3 quokkas
  6 ball pythons
  4 bats
  2 frilled lizards (D:1)
  5 kobolds
  6 rats
48 creatures vanquished.

Notes
Turn   | Place    | Note
-------+----------+-------------------------------------------
     0 | D:1      | rabbitsville the Spriggan Brigand began the quest for the
                  | Orb.
     0 | D:1      | Reached XP level 1. HP: 10/10 MP: 2/2
    35 | D:1      | Upgraded the game from 0.29-a0-275-g389c0b56f3 to
                  | 0.29-a0-284-gf9362112df
   273 | D:1      | Reached skill level 6 in Stealth
   452 | D:1      | Found Akoufam's Weapon Shoppe.
   463 | D:1      | Reached XP level 2. HP: 14/14 MP: 3/3
   776 | D:1      | Found a faded altar of an unknown god.
  1398 | D:2      | You fall into a shaft and drop 1 floor!
  1470 | D:3      | Reached XP level 3. HP: 18/18 MP: 4/4
  1667 | D:2      | Identified the +1 ring mail "Juboqu" {+Blink SInv}
  2178 | D:3      | Found a hide-covered altar of Uskayaw.
  2510 | D:3      | Found Wueq Tad's Assorted Antiques.
  2559 | D:3      | Noticed Robin
  2864 | D:4      | Noticed a necrophage
  3007 | D:4      | Found Iplo's General Store.
  3008 | D:4      | Noticed Ijyb
  3062 | D:4      | Slain by a goblin

Illustrated notes

Levels and vault maps discovered:
D:1:      dpeg_arrival_oval, layout_basic, ebering_ecumenical_altar_hall,
          serial_shops, nicolae_shop_bloodbath_and_beyond,
          minmay_splitting_lines
D:2:      layout_loops_ring
D:3:      layout_basic, eat_drink_and_be_merry_uskayaw, serial_curves,
          eino_curves_01, eino_curves_01, serial_shops, nicolae_shop_crystal,
          grunt_decor_junction, kennysheep_cross_room, uniq_robin
D:4:      layout_loops_ring, minitemple,
          chequers_temple_overflow_statue_of_worship, serial_shops,
          nicolae_shop_hallway_plus, serial_bayou_lake_a, uniq_ijyb

Skill      XL: |  1  2  3 |
---------------+----------+-----
Stealth        | 6 |  6.8
Short Blades   | 3 |  3.2
Fighting       | |  1.5
Throwing       | |  2.8
Dodging        | |  1.3

Action                   || total
-------------------------++-------
Melee: Dagger            ||    85
Throw: Dart              ||    42
  Use: Potion            ||     3
 Stab: Sleeping          ||     7
Armor: Robe              ||    13
Dodge: Dodged            ||    51

Table legend: (Time is in decaauts)
 A = Elapsed time spent in this place.
 B = Non-inter-level travel time spent in this place.
 C = Inter-level travel time spent in this place.
 D = Time resting spent in this place.
 E = Time spent auto-exploring this place.
 F = Levels seen in this place.
 G = Mean time per level.
                   A        B        C        D        E       F      G
               +--------+--------+--------+--------+--------+-----+--------+
         Total |   2086 |   2033 |     53 |    425 |    205 |   4 |  521.5 |
       Dungeon |   2086 |   2033 |     53 |    425 |    205 |   4 |  521.5 |
               +--------+--------+--------+--------+--------+-----+--------+

Top non-repeatable levels by time:
     D:1: 768 daAuts
     D:2: 714 daAuts
     D:3: 470 daAuts
     D:4: 132 daAuts
